cohdb
Replays
Latest Replays
All Replays
Popular Replays
Top Player Replays
Match Explorer
How It Works
Community
CoH3 Stats
Reddit
Sign in to upload your games and track your stats! →
Sign in with Steam
Match 45979705
Unlisted
Match 45979705
Overview
Messages
Build Orders
End
Kettenkrad Recon Vehicle
Construct Infanterie Kompanie
Grenadier Squad
Grenadier Squad
MG 42 Machine Gun Team
Grenadier Squad
Construct Luftwaffe Kompanie
Medical Station
Flak 30 Anti-aircraft Gun Team
221 Scout Car
Infanterie Officer Quarters
Flak 30 Anti-aircraft Gun Team
Construct Panzer Kompanie
Stoßtruppen Squad
Stoßtruppen Squad
Panzer IV Medium Tank
Tommo [KSK]
harald halbgar
0
0
Comments
sign in to comment!
No comments posted yet!